 Dungeon Crawl Stone Soup version 0.23.1 (webtiles) character file.

Game seed: 0

238 Fang the Skirmisher (level 6, -5/39 HPs)
             Began as a Gargoyle Berserker on Mar 5, 2019.
             Was a Believer of Trog.
             Slain by an iguana (8 damage)
             ... on level 4 of the Dungeon.
             The game lasted 00:05:35 (2275 turns).

Fang the Skirmisher (Gargoyle Berserker)            Turns: 2275, Time: 00:05:36

Health: -5/39      AC: 11    Str: 23    XL:     6   Next: 7%
Magic:  6/6        EV: 17    Int:  7    God:    Trog [**....]
Gold:   126        SH:  0    Dex:  9    Spells: 5/5 levels left

rFire    . . .     SeeInvis .   a - +0 hand axe
rCold    . . .     Gourm    .   (no shield)
rNeg     + . .     Faith    .   f - +0 scale mail
rPois    ∞         Spirit   .   (no helmet)
rElec    +         Reflect  .   (no cloak)
rCorr    .         Harm     .   (no gloves)
MR       .....                  (no boots)
Stlth    ..........             (no amulet)
HPRegen  0.13/turn              g - +6 ring of evasion
MPRegen  0.10/turn              b - ring of flight

@: berserk cooldown, slowed, very slow
A: negative energy resistance 1, electricity resistance, unbreathing,
petrification resistance, rot immunity, AC +4
a: Berserk, Trog's Hand, Renounce Religion, Evoke Flight


You were on level 4 of the Dungeon.
You worshipped Trog.
Trog was pleased with you.
You were hungry.

You visited 1 branch of the dungeon, and saw 4 of its levels.

You collected 126 gold pieces.

Inventory:

Hand Weapons
 a - a +0 hand axe (weapon)
Armour
 f - a +0 scale mail (worn)
Jewellery
 b - a ring of flight (right hand)
 g - a +6 ring of evasion (left hand)
 o - an uncursed ring of protection from cold {unknown}
Scrolls
 d - a scroll of blinking {unknown}
 h - a scroll of enchant weapon {unknown}
 i - a scroll of remove curse {unknown}
 j - 2 scrolls of teleportation {unknown}
 k - 2 scrolls of magic mapping {unknown}
 n - 2 scrolls of enchant armour {unknown}
Potions
 e - 3 potions of heal wounds {unknown}
 m - a potion of curing {unknown}
Comestibles
 c - 12 rations


   Skills:
 + Level 4.6 Fighting
 + Level 3.7 Axes
 + Level 3.8 Armour
 + Level 2.8 Dodging


You had 5 spell levels left.
You didn't know any spells.
Your spell library was empty.

Dungeon Overview and Level Annotations

Branches:
Dungeon (4/15)
 Temple: D:4-7

Altars:
Ashenzari
Elyvilon
Makhleb
Qazlal
Xom


Innate Abilities, Weirdness & Mutations

You are resistant to torment.
Your stone body is resilient. (AC +4)
You are immune to poison.
You resist negative energy. (rN+)
You are resistant to electric shocks. (rElec)
You can survive without breathing.
You are immune to petrification.
You are immune to rotting.


Message History

The orc priest is almost dead.
You hit the orc but do no damage. You hit the iguana.
You hit the scorpion but do no damage. You hit the orc but do no damage.
The scorpion closely misses you. The orc hits you.
* * * LOW HITPOINT WARNING * * *
The orc priest hits you but does no damage.
The orc closely misses you. The iguana completely misses you.
The scorpion misses you. The orc priest closely misses you.
The orc hits you but does no damage.
You hit the orc priest.
The orc priest is almost dead.
You hit the orc.
You kill the orc!
Trog accepts your kill.
You barely miss the scorpion. You hit the iguana but do no damage.
You barely miss the orc. The iguana closely misses you.
The scorpion closely misses you. The orc misses you.
The orc priest calls upon Beogh to heal the orc.
The orc's wounds heal themselves!
The iguana bites you!
You die...

########.........#
.......'.........#
########.........#
...#.........#
#####.#.........#
.#................
..........#######
......)...#####
......o@.......
......ols......
.........?.....
...............
...............
?..............
..........###..
..........# .#


You could see a scorpion, an iguana, an orc priest and an orc.

Vanquished Creatures
  An ice beast (D:2)
  A crimson imp (D:3)
  Terence (D:2)
  3 adders
  A leopard gecko (D:2)
  6 orcs
  10 bats
  5 giant cockroaches
  3 goblins
  2 hobgoblins
  4 jackals (D:3)
  2 quokkas
  A ball python (D:1)
  3 frilled lizards
  7 kobolds
  A leopard gecko skeleton (D:4)
  3 rats
54 creatures vanquished.

Notes
Turn   | Place    | Note
-------+----------+-------------------------------------------
     0 | D:1      | Fang the Gargoyle Berserker began the quest for the Orb.
     0 | D:1      | Reached XP level 1. HP: 14/14 MP: 1/1
   127 | D:1      | Reached XP level 2. HP: 19/19 MP: 2/2
   552 | D:2      | Reached ** piety under Trog
   553 | D:2      | Found a stormy altar of Qazlal.
   560 | D:2      | Reached XP level 3. HP: 16/23 MP: 3/3
   645 | D:2      | Found a faded altar of an unknown god.
   732 | D:2      | Found a white marble altar of Elyvilon.
   820 | D:2      | Noticed an ice beast
   837 | D:2      | Killed an ice beast
   837 | D:2      | Reached skill level 4 in Fighting
   837 | D:2      | Reached XP level 4. HP: 29/29 MP: 4/4
   837 | D:2      | Reached XP level 5. HP: 33/33 MP: 5/5
  1009 | D:2      | Found a shattered altar of Ashenzari.
  1087 | D:2      | Noticed Terence
  1126 | D:2      | Killed Terence
  1885 | D:3      | Found a burning altar of Makhleb.
  1885 | D:3      | Found a shimmering altar of Xom.
  2054 | D:3      | Reached XP level 6. HP: 35/39 MP: 6/6
  2275 | D:4      | Slain by an iguana

Skill      XL: |  1  2  3 |
---------------+----------+-----
Dodging        | 2 |  2.8
Axes           | 3 |  3.7
Fighting       | 4 |  4.6
Armour         | 3 |  3.8

Action                   |  1- 3 |  4- 6 || total
-------------------------+-------+-------++-------
Melee: Hand axe          |   122 |   138 ||   260
Invok: Berserk           |     1 |     1 ||     2
  Eat: Chunk             |       |     6 ||     6
Armor: Animal skin       |    23 |       ||    23
       Scale mail        |    39 |    46 ||    85
Dodge: Dodged            |   126 |   156 ||   282
